 Dungeon Crawl Stone Soup version 0.18-a0-1291-g395b48e (console) character file.

95 FIQ the Chopper (level 4, -3/34 HPs)
             Began as a Demonspawn Gladiator on Feb 9, 2016.
             Slain by an orc warrior
             ... wielding a +1 dire flail of crushing
              (26 damage)
             ... on level 3 of the Dungeon.
             The game lasted 00:02:23 (1573 turns).

FIQ the Chopper (Demonspawn Gladiator)              Turns: 1573, Time: 00:02:23

Health: -3/34      AC:  4    Str: 19 (20) XL:     4   Next: 39%
Magic:  4/4        EV: 13    Int: 14 (15) God:
Gold:   52         SH:  0    Dex: 13 (14) Spells: 0 memorised, 3 levels left

rFire  . . .     SeeInvis .     a - +0 war axe
rCold  . . .     Gourm    .     b - +0 leather armour
rNeg   . . .     Faith    .     (no shield)
rPois  .         Spirit   .     c - +0 helmet
rElec  .         Dismiss  .     (no cloak)
rCorr  +         Reflect  .     (no gloves)
SustAt .         Harm     .     (no boots)
MR     .....                    (no amulet)
Stlth  +.........               (no ring)
                                m - ring of resist corrosion

@: mighty, brilliant, flying, not resistant to hostile enchantments, very
unstealthy
A: powered by death 1, rot immunity
a: no special abilities


You were on level 3 of the Dungeon.
You were not hungry.

You visited 1 branch of the dungeon, and saw 3 of its levels.

You collected 52 gold pieces.

Inventory:

Hand Weapons
 a - a +0 war axe (weapon)
Missiles
 d - 3 throwing nets (quivered)
Armour
 b - a +0 leather armour (worn)
 c - a +0 helmet (worn)
Jewellery
 m - a ring of resist corrosion (left hand)
Scrolls
 h - a scroll of recharging {unknown}
 i - a scroll of immolation {unknown}
 l - a scroll of remove curse {unknown}
 n - a scroll of enchant armour {unknown}
 o - a scroll of identify {unknown}
 p - a scroll of amnesia {unknown}
 s - a scroll of magic mapping {unknown}
Potions
 j - a potion of cure mutation
Comestibles
 f - 2 bread rations
 k - 4 chunks of flesh


   Skills:
 + Level 2.4 Fighting
 * Level 3.6 Axes
 - Level 1.7 Throwing
 + Level 1.5 Armour
 + Level 3.2 Dodging


You had 3 spell levels left.
You didn't know any spells.

Dungeon Overview and Level Annotations

Branches:
Dungeon (3/15)

Altars:
Nemelex Xobeh


Innate Abilities, Weirdness & Mutations

You regenerate a little health from kills.
You are immune to rotting.


Message History

The orc warrior hits you with a dire flail of crushing!
The orc misses you.
The hobgoblin shouts!
Drink which item? (? for menu, Esc to quit)
It was a potion of flight.
You feel very buoyant.
You fly up into the air.
The orc warrior completely misses you.
Drink which item? (? for menu, Esc to quit)
It was a potion of degeneration.
There was something very wrong with that liquid.
You feel weakened.
You feel dopey.
You feel clumsy. The orc warrior closely misses you.
Drink which item? (? for menu, Esc to quit)
It was a potion of might.
You feel very mighty all of a sudden. The orc warrior barely misses you.
You closely miss the orc warrior.
The orc warrior hits you with a dire flail of crushing!!
Ouch! That really hurt!
You die...

. #...... #.....
#.... #...# ##...#
#....# .# #.o..#
#.# ### #ooo.# #.#
#.. ##o#####.#
#####'# #@#.....#
#...... #......_#
#.....) ##......#
#...... #......#
#...... ##.....#
#...... #.....#
#...... #.....#
#...... #.....#
#......
###.....##########
#..........# #
#..........#######


You could see an orc warrior, an orc wizard and 3 orcs.

Vanquished Creatures
  5 adders
  2 oozes (D:2)
  2 worms (D:3)
  2 ball pythons
  6 goblins
  4 hobgoblins
  4 jackals (D:1)
  5 kobolds
  3 bats (D:1)
  2 giant newts
  2 rats (D:2)
37 creatures vanquished.

Notes
Turn   | Place    | Note
--------------------------------------------------------------
     0 | D:1      | FIQ the Demonspawn Gladiator began the quest for the Orb.
     0 | D:1      | Reached XP level 1. HP: 16/16 MP: 1/1
   150 | D:1      | Gained mutation: You regenerate a little health from kills. [demonic ancestry]
   150 | D:1      | Reached XP level 2. HP: 13/22 MP: 2/2
   201 | D:1      | Reached skill level 3 in Axes
   899 | D:2      | Gained mutation: You are immune to rotting. [demonic ancestry]
   899 | D:2      | Reached XP level 3. HP: 22/27 MP: 3/3
   931 | D:2      | Reached skill level 1 in Armour
  1312 | D:3      | Reached XP level 4. HP: 34/34 MP: 4/4
  1550 | D:3      | Found a sparkling altar of Nemelex Xobeh.
  1563 | D:3      | Noticed an orc warrior
  1573 | D:3      | Slain by an orc warrior

Vault maps used:
D:1:      lightli_arrival_isolated_outpost, corexii_hall_statues_l
D:3:      lemuel_round_altar, lemuel_crystal_altar, nemelex_deck, first_bread

Action                   |  1- 3 |  4- 6 || total
-------------------------+-------+-------++-------
Melee: War axe           |    89 |    24 ||   113
  Use: Potion            |       |     5 ||     5
  Eat: Chunk             |     1 |     1 ||     2
